 Dungeon Crawl Stone Soup version 0.27.1-34-g3ba077fa99 (webtiles) character file.

Game seed: 6731830169032458688

95 porpoise the Magician (level 4, 0/34 HPs)
             Began as a Djinni Hedge Wizard on Jan 25, 2022.
             Slain by an orc (5 damage)
             ... on level 3 of the Dungeon.
             The game lasted 00:11:53 (4059 turns).

porpoise the Magician (Djinni Hedge Wizard)         Turns: 4059, Time: 00:11:53

Health: 0/34       AC:  8    Str: 10    XL:     4   Next: 95%
Gold:   13         EV: 12    Int: 15    God:
                   SH:  0    Dex: 13

rFire    + + .     SeeInvis .   a - +0 short sword
rCold    x . .     Faith    .   (no shield)
rNeg     . . .     Spirit   .   m - +1 robe {Will+}
rPois    ∞         Reflect  .   g - +0 helmet
rElec    .         Harm     .   (no cloak)
rCorr    .         Rampage  .   (no gloves)
Will     +....                  (boots unavailable)
Stlth    ++........             (no amulet)
HPRegen  0.11/turn              l - +4 ring of protection
MPRegen  0.00/turn              (no ring)

@: flying, very slightly contaminated
A: sickness immunity, fire resistance 2, cold vulnerability 1, float, innate
caster, hp casting, extra vitality 1
a: no special abilities


You were on level 3 of the Dungeon.
You visited 1 branch of the dungeon, and saw 3 of its levels.

You collected 105 gold pieces.
You spent 92 gold pieces at shops.

Inventory:

Hand Weapons
 a - a +0 short sword (weapon)
Missiles
 c - 9 arrows
 d - 132 stones
 h - 13 boomerangs
 k - 11 poisoned darts
 q - 11 sling bullets
Armour
 g - a +0 helmet (worn)
 m - a +1 robe of willpower (worn)
Jewellery
 l - a +4 ring of protection (left hand)
Scrolls
 e - a scroll of noise {unknown}
 f - 3 scrolls of identify
 i - 2 scrolls of teleportation {unknown}
 j - a scroll of enchant weapon {unknown}
 p - a scroll of blinking {unknown}
Potions
 b - a potion of haste {unknown}
 n - a potion of ambrosia
 o - a potion of lignification {unknown}


   Skills:
 * Level 2.4 Fighting
 - Level 2.1 Dodging
 + Level 2.3 Stealth
 * Level 3.1 Spellcasting


You couldn't memorise any spells.
You knew the following spells:

 Your Spells              Type           Power      Damage    Failure   Level
a - Magic Dart            Conj           44%        1d5       5%          1
c - Conjure Flame         Conj/Fire      11%        6-21      16%         3
i - Call Imp              Summ           11%        N/A       9%          2
k - Blink                 Tloc           N/A        N/A       9%          2
l - Slow                  Hex            11%        N/A       9%          2
m - Mephitic Cloud        Conj/Pois/Air  11%        N/A       16%         3
o - Corona                Hex            12%        N/A       5%          1
Your spell library was empty.

Dungeon Overview and Level Annotations

Branches:
Dungeon (3/15)

Altars:

Shops:
D:1 *?(([   D:2 :


Innate Abilities, Weirdness & Mutations

You are immune to sickness and miasma.
You are immune to poison.
Your flesh is very heat resistant. (rF++)
You are vulnerable to cold. (rC-)
You float through the air rather than walking.
You learn spells naturally, not from books.
Your magical power is your life essence.
You have superior vitality. (+4 HP)


Message History

Confirm with . or Enter, or press ? or * to list all spells.
Aiming: Magic Dart (safe; 5% risk of failure)
Press: ? - help, Shift-Dir - straight line, f/p - orc wizard
Aim: an orc wizard, wielding a +0 dagger and wearing a +0 robe (severely wounded, ally target, 100% to hit)
The magic dart hits the orc wizard.
The orc wizard is almost dead.
* * * LOW HITPOINT WARNING * * *
The orc hits you but does no damage.
Casting: Magic Dart (safe; 5% risk of failure)
Confirm with . or Enter, or press ? or * to list all spells.
Aiming: Magic Dart (safe; 5% risk of failure)
Press: ? - help, Shift-Dir - straight line, f - orc, p - orc wizard
Aim: an orc, wielding a +0 hand axe and wearing a +0 leather armour (moderately wounded, 100% to hit)
The magic dart hits the orc.
The orc is almost dead.
* * * LOW HITPOINT WARNING * * *
The orc hits you but does no damage.
Casting: Magic Dart (safe; 5% risk of failure)
Confirm with . or Enter, or press ? or * to list all spells.
Aiming: Magic Dart (safe; 5% risk of failure)
Press: ? - help, Shift-Dir - straight line, f/p - orc
Aim: an orc, wielding a +0 hand axe and wearing a +0 leather armour (almost dead, 100% to hit)
You miscast Magic Dart.
You are very lightly contaminated with residual magic.
Nothing appears to happen.
* * * LOW HITPOINT WARNING * * *
The orc wizard hits you but does no damage.
The orc hits you with a +0 hand axe.
* * * LOW HITPOINT WARNING * * *
Your crimson imp barely misses the orc wizard.
Casting: Magic Dart (safe; 5% risk of failure)
Confirm with . or Enter, or press ? or * to list all spells.
Aiming: Magic Dart (safe; 5% risk of failure)
Press: ? - help, Shift-Dir - straight line, f - orc wizard, p - orc
Aim: an orc wizard, wielding a +0 dagger and wearing a +0 robe (almost dead, ally target, 100% to hit)
The magic dart hits the orc wizard.
You kill the orc wizard!
* * * LOW HITPOINT WARNING * * *
The orc hits you with a +0 hand axe.
You die...

#..................#.#
#######......######.##...#.#
)............######.#..#.#.###
............)#...............##
#######.......................#
#....................####
#....................#
######..5)o..........#
#....@..........#
#...............#
#...............#
##.............##
##.....#.....## #############


You could see an orc (ally target) and a friendly crimson imp (summoned).

Vanquished Creatures
  An orc priest (D:3)
  An orc wizard (D:3)
  2 adders
  2 dart slugs (D:1)
  2 orcs (D:3)
  5 endoplasms
  A giant cockroach (D:3)
  6 goblins
  2 hobgoblins (D:1)
  A jackal (D:1)
  3 kobolds (D:1)
  3 quokkas
  5 ball pythons
  3 bats (D:1)
  4 frilled lizards (D:1)
  4 rats
45 creatures vanquished.

Notes
Turn   | Place    | Note
-------+----------+-------------------------------------------
     0 | D:1      | porpoise the Djinni Hedge Wizard began the quest for the
                  | Orb.
     0 | D:1      | Reached XP level 1. HP: 15/15 MP: 0/0
   414 | D:1      | Reached XP level 2. HP: 20/22 MP: 0/0
   448 | D:1      | Found Tannu's Assorted Antiques.
   762 | D:1      | Reached skill level 1 in Fighting
   849 | D:1      | HP: 1/22 [goblin (5)]
  1302 | D:1      | Found Wietimp's Antique Armour Shoppe.
  1483 | D:1      | Reached XP level 3. HP: 18/27 MP: 0/0
  1483 | D:1      | Learned a level 1 spell: Corona
  1695 | D:1      | Found Zousu's Antique Weapon Boutique.
  1809 | D:1      | Found Ywitad's Antique Weapon Shoppe.
  1845 | D:1      | Found a faded altar of an unknown god.
  1854 | D:1      | Found Disah's Magic Scroll Shop.
  2224 | D:2      | Found Kikkoch's Book Shop.
  3035 | D:2      | Reached XP level 4. HP: 30/33 MP: 0/0
  3107 | D:1      | Bought a runed robe for 74 gold pieces
  3107 | D:1      | Bought a smoky grey potion for 18 gold pieces
  3511 | D:3      | Reached skill level 3 in Spellcasting
  4059 | D:3      | Slain by an orc

Illustrated notes

Levels and vault maps discovered:
D:1:      sevenhm_arrival_forest_fort_small_5, layout_basic,
          shapermc_ecumenical_altar_mp_urbaneastern, serial_rivers,
          chequers_serial_rivers_marsh, chequers_serial_rivers_small_a,
          chequers_serial_rivers_large_a, chequers_serial_rivers_small_b,
          serial_shops, nicolae_shop_behind_doors, shop, nicolae_square_shop,
          shop, nicolae_shop_statue_plus, amcnicky_mini_pool_small,
          minmay_tromino_v4_a
D:2:      layout_basic, serial_shops, nicolae_lakefront_shop, serial_curves,
          eino_curves_02, eino_curves_03, kennysheep_big_empty_room
D:3:      layout_rooms, tgw_trog

Skill      XL: |  1  2  3  4 |
---------------+-------------+-----
Fighting       | 1 2 |  2.4
Stealth        | 2 |  2.3
Spellcasting   | 3 |  3.1
Dodging        | |  2.1

Action                   |  1- 3 |  4- 6 || total
-------------------------+-------+-------++-------
Melee: Mace              |    14 |       ||    14
       Short sword       |    22 |    21 ||    43
 Cast: Magic Dart        |    53 |    34 ||    87
       Call Imp          |     1 |     1 ||     2
       Mephitic Cloud    |       |     1 ||     1
  Use: Scroll            |     1 |     1 ||     2
 Stab: Sleeping          |     2 |       ||     2
       Confused          |       |     2 ||     2
Armor: Robe              |     7 |    15 ||    22
Dodge: Dodged            |    25 |    14 ||    39
